 Dungeon Crawl Stone Soup version 0.27.1-33-g824d729ab1 (webtiles) character file.

Game seed: 267950586032730074

168 raph the Grave Robber (level 5, -2/35 HPs)
             Began as a Human Necromancer on Dec 8, 2021.
             Was an Initiate of Hepliaklqana.
             Slain by a goblin (4 damage)
             ... led by Robin
             ... on level 2 of the Dungeon.
             The game lasted 00:09:15 (3783 turns).

raph the Grave Robber (Human Necromancer)           Turns: 3783, Time: 00:09:15

Health: -2/35      AC:  3    Str:  8    XL:     5   Next: 78%
Magic:  3/8        EV: 12    Int: 16    God:    Hepliaklqana [......]
Gold:   47         SH:  0    Dex: 14    Spells: 0/8 levels left

rFire    . . .     SeeInvis .   j - +0 battleaxe
rCold    . . .     Faith    .   (shield currently unavailable)
rNeg     . . .     Spirit   .   a - +0 robe
rPois    .         Reflect  .   (no helmet)
rElec    .         Harm     .   (no cloak)
rCorr    .         Rampage  .   (no gloves)
Will     .....                  i - +0 pair of boots
Stlth    ++........             (no amulet)
HPRegen  0.11/turn              (no ring)
MPRegen  0.11/turn              (no ring)

@: flying
A: no striking features
a: Renounce Religion


You were on level 2 of the Dungeon.
You worshipped Hepliaklqana.
Hepliaklqana was noncommittal.
You visited 1 branch of the dungeon, and saw 3 of its levels.

You collected 113 gold pieces.
You spent 66 gold pieces at shops.

Inventory:

Hand Weapons
 d - a +0 short sword
 j - a +0 battleaxe (weapon)
Armour
 a - a +0 robe (worn)
 i - a +0 pair of boots (worn)
Scrolls
 h - 2 scrolls of fear
 k - 2 scrolls of fog
Potions
 c - 2 potions of lignification
 e - a potion of brilliance
 f - a potion of might {unknown}
 g - a potion of degeneration


   Skills:
 - Level 2.2 Dodging
 - Level 2.2 Stealth
 + Level 2.4 Spellcasting
 + Level 0.7 Conjurations
 + Level 6.1 Necromancy


You couldn't memorise any spells.
You knew the following spells:

 Your Spells              Type           Power      Damage    Failure   Level
a - Pain                  Necr           84%        1d8       1%          1
b - Animate Skeleton      Necr           42%        N/A       1%          1
c - Vampiric Draining     Necr           10%        2d7       4%          3
d - Magic Dart            Conj           16%        1d3       16%         1
e - Searing Ray           Conj           8%         3d3       22%         2

Your spell library contained the following spells:

 Spells                   Type           Power      Damage    Failure   Level
 Animate Dead             Necr           10%        N/A       16%         4
 Agony                    Necr           21%        N/A       41%         5
 Frozen Ramparts          Ice            2%         1d2       52%         3
 Fulminant Prism          Conj/Hex       1%         3d6       86%         4
 Ice Form                 Ice/Tmut       1%         N/A       89%         4
 Summon Ice Beast         Ice/Summ       1%         N/A       89%         4


Dungeon Overview and Level Annotations

Branches:
Dungeon (3/15)

Altars:
Hepliaklqana

Shops:
D:2 =([?(

Annotations:
D:2 Sigmund
D:3 Robin


Message History

The goblin goes into a battle-frenzy!
Your magical contamination has completely faded away.
The goblin hits you with a +0 club. Robin hits you but does no damage.
The goblin barely misses you.
Robin roars a battlecry!
Robin throws the goblin at you! The goblin hits you with a +0 dagger.
You swap places.
The goblin hits your hobgoblin skeleton with a +0 club.
The goblin hits your hobgoblin skeleton with a +0 dagger.
Your hobgoblin skeleton is destroyed!
You see here a +0 dagger.
The goblin shouts!
A goblin comes into view. It is wielding a +0 club.
The goblin hits you with a +0 club.
* * * LOW HITPOINT WARNING * * *
The goblin no longer looks unusually strong.
The goblin closely misses you.
There is a stone staircase leading up here.
Robin throws the goblin at you!
* * * LOW HITPOINT WARNING * * *
The goblin hits you with a +0 club.
* * * LOW HITPOINT WARNING * * *
The goblin barely misses you. The goblin closely misses you.
The goblin hits you with a +0 club.
* * * LOW HITPOINT WARNING * * *
You climb upwards.
Level annotation: Sigmund
There is a stone staircase leading down here.
You feel very buoyant.
You fly up into the air.
The goblin no longer looks unusually strong.
The goblin barely misses you. The goblin closely misses you.
The goblin barely misses you.
You closely miss the goblin. You barely miss the goblin. You hit the goblin.
You kill the goblin!
The goblin hits you but does no damage. The goblin hits you with a +0 dagger.
* * * LOW HITPOINT WARNING * * *
The goblin hits you with a +0 club.
You die...

.. ###########....
######
#.8(<.∩.8......
+.....
#.##....###....
####.. #.......# .
#.8. ####....# ..
#...
#.@g.###....@####..
#^)g...............
#....############..
###'## #########..
#.# #.......#.. #.#
#.......##. #.#
##.......##.
####.####........'..
#.......#........##.


You could see 2 goblins.

Vanquished Creatures
  An orc wizard (D:2)
  5 adders
  A gnoll (D:1)
  3 worms
  4 dart slugs
  4 orcs (D:3)
  3 ball pythons
  7 bats
  4 endoplasms
  4 giant cockroaches
  8 goblins
  6 hobgoblins
  2 jackals (D:2)
  2 kobolds
  3 quokkas
  3 frilled lizards
  7 rats
67 creatures vanquished.

Vanquished Creatures (collateral kills)
  An orc (D:3)
1 creature vanquished.

Grand Total: 68 creatures vanquished

Notes
Turn   | Place    | Note
-------+----------+-------------------------------------------
     0 | D:1      | raph the Human Necromancer began the quest for the Orb.
     0 | D:1      | Reached XP level 1. HP: 13/13 MP: 3/3
    61 | D:1      | Learned a level 1 spell: Animate Skeleton
   287 | D:1      | Reached XP level 2. HP: 18/19 MP: 3/5
   793 | D:1      | Reached XP level 3. HP: 19/24 MP: 3/6
  1668 | D:2      | Found Sathem's Antique Armour Boutique.
  1671 | D:2      | Found Wikh's Magic Scroll Shoppe.
  1671 | D:2      | Noticed Sigmund
  1737 | D:1      | Learned a level 3 spell: Vampiric Draining
  1739 | D:1      | Learned a level 1 spell: Magic Dart
  1843 | D:2      | Reached skill level 5 in Necromancy
  1843 | D:2      | Reached XP level 4. HP: 30/30 MP: 3/7
  1884 | D:2      | Found Dujeliff's Weapon Boutique.
  2329 | D:2      | Bought 3 scrolls of identify for 66 gold pieces
  2573 | D:2      | Found Yficeluive's Antique Weapon Shop.
  2600 | D:2      | Found Wuisopt's Jewellery Boutique.
  2925 | D:3      | Reached XP level 5. HP: 24/35 MP: 1/8
  3076 | D:2      | Reached skill level 6 in Necromancy
  3325 | D:3      | Found a hazy altar of Hepliaklqana.
  3363 | D:3      | Became a worshipper of Hepliaklqana the Forgotten
  3689 | D:2      | Learned a level 2 spell: Searing Ray
  3749 | D:3      | Noticed Robin
  3783 | D:2      | Slain by a goblin

Illustrated notes

Levels and vault maps discovered:
D:1:      sevenhm_arrival_forest_fort_small_3, layout_basic
D:2:      layout_basic, serial_shops, nicolae_shop_trees, shop_statue,
          shop_statue, shop, shop, chequers_serial_rivers_micro_e, uniq_sigmund
D:3:      layout_basic, mainiacjoe_overflow_surrounded_room,
          ebering_ghost_inner_flame, nrook_mini_vaults, minmay_ruptured,
          uniq_robin

Skill      XL: |  1  2  3  4  5 |
---------------+----------------+-----
Necromancy     | 5 6 |  6.1
Dodging        | |  2.2
Stealth        | |  2.2
Spellcasting   | |  2.4
Conjurations   | |  0.7

Action                   |  1- 3 |  4- 6 || total
-------------------------+-------+-------++-------
Melee: Short sword       |     5 |    16 ||    21
       Battleaxe         |       |    47 ||    47
 Cast: Pain              |    46 |    74 ||   120
       Animate Skeleton  |     1 |     6 ||     7
       Vampiric Draining |     1 |     4 ||     5
       Magic Dart        |       |     3 ||     3
  Use: Scroll            |     5 |     4 ||     9
       Potion            |       |     2 ||     2
Armor: Robe              |    11 |    43 ||    54
Dodge: Dodged            |    24 |    65 ||    89
